 Dungeon Sprint DCSS version 0.23.1 (webtiles) character file.

Game seed: 7672716160678590292

1094 nuthulu the Unseen (level 8, -5/58 HPs)
             Began as a Vampire Assassin on Mar 7, 2019.
             Was a Priest of Dithmenos.
             Slain by a killer bee (10 damage)
             ... in the Dungeon (Sprint IV: "Fedhas' Mad Dash").
             The game lasted 00:02:37 (1062 turns).

nuthulu the Unseen (Vampire Assassin)               Turns: 1062, Time: 00:02:38

Health: -5/58      AC:  3    Str: 10    XL:     8   Next: 9%
Magic:  14/14      EV: 18    Int: 14    God:    Dithmenos [***...]
Gold:   125        SH:  0    Dex: 17    Spells: 7/7 levels left

rFire    . . .     SeeInvis +   a - +2 dagger
rCold    + . .     Gourm    .   (no shield)
rNeg     + + .     Faith    .   c - +0 robe
rPois    +         Spirit   .   (no helmet)
rElec    .         Reflect  .   d - +0 cloak
rCorr    .         Harm     .   (no gloves)
MR       .....     NoTele   +   (no boots)
Stlth    +++++++++.             l - amulet of invisibility {+Inv}
HPRegen  0.09/turn              (no ring)
MPRegen  0.14/turn              (no ring)

@: very slightly contaminated, regenerating slowly, hasted, wreathed by umbra,
very quick
A: fangs 3, see invisible, unbreathing
a: Bat Form, Shadow Step, Renounce Religion, Evoke Invisibility


You were in the Dungeon.
You worshipped Dithmenos.
Dithmenos was most pleased with you.
You were thirsty.

You visited 1 branch You collected 125 gold pieces.

Inventory:

Hand Weapons
 a - a +2 dagger (weapon)
 b - a +0 blowgun
Missiles
 e - 8 poisoned needles
 f - 2 curare-tipped needles
Armour
 c - a +0 robe (worn)
 d - a +0 cloak (worn)
Jewellery
 l - the amulet of invisibility (around neck) {+Inv}
   (You found it in the Dungeon)

   [amulet of nothing]

   It lets you turn invisible.
Scrolls
 g - a scroll of amnesia {unknown}
 m - a scroll of blinking
 n - a scroll of remove curse {unknown}
Potions
 k - 2 potions of magic


   Skills:
 - Level 3.4 Fighting
 + Level 8.3 Short Blades
 - Level 1.5 Throwing
 + Level 8.1 Dodging
 * Level 16.1 Stealth
 * Level 8.6 Evocations


You had 7 spell levels left.
You didn't know any spells.
Your spell library contained the following spells:

 Spells                   Type           Power        Failure   Level  Hunger
 Passwall                 Tmut/Erth      #.......     41%         2    ###....
 Swiftness                Chrm/Air       #.......     41%         2    ###....
 Passage of Golubria      Tloc           N/A          96%         4    #####..
 Lee's Rapid Deconstruct  Erth           #.........   100%        5    ######.
 Darkness                 Hex            #.........   100%        6    #######
 Invisibility             Hex            #.......     100%        6    #######


Dungeon Overview and Level Annotations

Branches:
Dungeon (1/1)

Altars:
Cheibriados
Dithmenos
Elyvilon
Gozag
Hepliaklqana
Kikubaaqudgha
Makhleb
Nemelex Xobeh
Okawaru
Qazlal
Ru
Sif Muna
Trog
Uskayaw
Vehumet
Wu Jian
Xom
Yredelemnul
Zin
The Shining One
Beogh
Jiyva
Lugonu

Shops:
D [[[?


Innate Abilities, Weirdness & Mutations

You heal slowly.
You have razor-sharp teeth.
You have supernaturally acute eyesight. (SInv)
You can survive without breathing.


Message History

The killer bee misses you.
Unknown command.
You feel much better. The killer bee stings you!
The killer bee barely misses you. The killer bee closely misses you.
The queen bee stings you!!
* * * LOW HITPOINT WARNING * * *
Unknown command.
You feel yourself speed up. The killer bee barely misses you.
The killer bee stings you but does no damage.
The killer bee barely misses you. The queen bee closely misses you.
You closely miss the killer bee. The killer bee stings you.
* * * LOW HITPOINT WARNING * * *
The queen bee closely misses you. The killer bee stings you!
* * * LOW HITPOINT WARNING * * *
Unknown command.
The killer bee closely misses you.
Unknown command.
You hit the killer bee but do no damage.
The killer bee stings you!
You die...

#########################
#<..P#.....#.....#.⌠._._.
#PP..'.(...'.#)..'.._._._
#PPPP#.....#.#...#..._._.
###############'##.._._._
#..†♣..y@....'...#._._._.
#%....y♣.....#...########
#...†.♣..♣..######
##+####+#####


You could see a queen bee and a killer bee (berserk).

Vanquished Creatures
  2 wandering mushrooms (D)
  A burning bush (D)
  2 scorpions (D)
  3 killer bees (D)
  4 oklob saplings (D)
  A worker ant (D)
  2 spriggans (D)
  A river rat (D)
  A rat (D)
17 creatures vanquished.

Notes
Turn   | Place    | Note
-------+----------+-------------------------------------------
     0 | D        | nuthulu the Vampire Assassin began the quest for the Orb.
     0 | D        | Reached XP level 1. HP: 16/16 MP: 1/1
    16 | D        | Reached skill level 7 in Stealth
    16 | D        | Reached XP level 2. HP: 3/23 MP: 2/2
   405 | D        | Noticed an oklob sapling
   410 | D        | Killed an oklob sapling
   410 | D        | Reached skill level 8 in Stealth
   410 | D        | Reached XP level 3. HP: 29/29 MP: 3/3
   556 | D        | Found the amulet of invisibility {+Inv}
   557 | D        | Reached skill level 9 in Stealth
   578 | D        | Found an opulent altar of Gozag.
   578 | D        | Found a hazy altar of Hepliaklqana.
   578 | D        | Found a burning altar of Makhleb.
   578 | D        | Found a roughly hewn altar of Beogh.
   578 | D        | Found a sparkling altar of Nemelex Xobeh.
   578 | D        | Found a snail-covered altar of Cheibriados.
   578 | D        | Found a sacrificial altar of Ru.
   578 | D        | Found a deep blue altar of Sif Muna.
   578 | D        | Found a shimmering altar of Xom.
   578 | D        | Found a basalt altar of Yredelemnul.
   579 | D        | Found a viscous altar of Jiyva.
   579 | D        | Found a bloodstained altar of Trog.
   579 | D        | Found an ornate altar of the Wu Jian Council.
   579 | D        | Noticed an oklob sapling priest
   580 | D        | Found an iron altar of Okawaru.
   580 | D        | Found a shadowy altar of Dithmenos.
   580 | D        | Found a glowing silver altar of Zin.
   581 | D        | Found an ancient bone altar of Kikubaaqudgha.
   581 | D        | Found a hide-covered altar of Uskayaw.
   582 | D        | Found a stormy altar of Qazlal.
   582 | D        | Found a white marble altar of Elyvilon.
   582 | D        | Found a glowing golden altar of the Shining One.
   583 | D        | Found a corrupted altar of Lugonu.
   583 | D        | Found a radiant altar of Vehumet.
   586 | D        | Killed an oklob sapling priest
   586 | D        | Reached skill level 10 in Stealth
   586 | D        | Reached XP level 4. HP: 35/35 MP: 1/5
   589 | D        | Became a worshipper of Dithmenos the Shadowed
   706 | D        | Reached skill level 5 in Short Blades
   706 | D        | Reached skill level 11 in Stealth
   706 | D        | Reached XP level 5. HP: 41/41 MP: 3/7
   784 | D        | Reached * piety under Dithmenos
   784 | D        | Reached skill level 5 in Dodging
   785 | D        | Reached skill level 12 in Stealth
   802 | D        | Found Kisumair's Antique Armour Shop.
   802 | D        | Found Ipu Ixodgh's Antique Armour Emporium.
   886 | D        | Noticed a burning bush
   886 | D        | Noticed a wandering mushroom
   887 | D        | Noticed a wandering mushroom
   890 | D        | Killed a burning bush
   890 | D        | Reached skill level 13 in Stealth
   890 | D        | Reached XP level 6. HP: 47/47 MP: 6/10
   891 | D        | Reached ** piety under Dithmenos
   891 | D        | Reached skill level 14 in Stealth
   892 | D        | Killed a wandering mushroom
   892 | D        | Reached skill level 15 in Stealth
   892 | D        | Reached XP level 7. HP: 52/52 MP: 6/12
   901 | D        | Killed a wandering mushroom
   986 | D        | Found Lumisouf's Antique Armour Shoppe.
   987 | D        | Found Cihui's Magic Scroll Emporium.
  1041 | D        | Noticed a queen bee
  1047 | D        | Reached *** piety under Dithmenos
  1047 | D        | Reached XP level 8. HP: 58/58 MP: 12/14
  1048 | D        | Reached skill level 16 in Stealth
  1062 | D        | Slain by a killer bee

Skill      XL: |  1  2  3  4  5  6  7  8 |
---------------+-------------------------+-----
Fighting       | 2 3 |  3.4
Dodging        | 2 3 4 6 7 8 |  8.1
Stealth        | 7 8 10 11 13 15 16 | 16.1
Short Blades   | 3 4 5 6 7 8 |  8.3
Evocations     | 2 3 6 7 8 |  8.6
Throwing       | |  1.5

Action                   |  1- 3 |  4- 6 |  7- 9 || total
-------------------------+-------+-------+-------++-------
Melee: Dagger            |    15 |     7 |    16 ||    38
       Bite              |     2 |       |     2 ||     4
 Abil: Evoke Invisibilit |     1 |     3 |     1 ||     5
  Use: Potion            |     1 |     1 |     3 ||     5
 Stab: Sleeping          |     2 |     7 |     1 ||    10
       Invisible         |       |       |     5 ||     5
Armor: Robe              |     3 |       |     1 ||     4
Dodge: Dodged            |    11 |       |    22 ||    33
